 Dungeon Crawl Stone Soup version 0.31-a0-182-gc5ef74bbde (webtiles) character file.

Game seed: 2063669607997674270

65 qw the Chopper (level 4, -13/28 HPs)
             Began as a Gargoyle Fighter on June 20, 2023.
             Killed from afar by a wretched star (18 damage)
             ... with a lance of force
             ... on level 1 of the Abyss.
             The game lasted 00:00:36 (1158 turns).

qw the Chopper (Gargoyle Fighter)                   Turns: 1158, Time: 00:00:37

Health: -13/28     AC: 12    Str: 22    XL:     4   Next: 13%
Magic:  4/4        EV:  9    Int:  4    God:
Gold:   87         SH:  4    Dex:  9    Spells: 3/3 levels left

rFire   . . .        Y - +0 war axe
rCold   . . .        c - +0 buckler
rNeg    + . .        b - +0 scale mail
rPois   inf          g - +1 helmet
rElec   +            (no cloak)
rCorr   .            (no gloves)
SInv    .            (no boots)
Will    .....        (no amulet) Stlth
                     (no ring)
HPRegen 0.24/turn    (no ring)
MPRegen 0.09/turn

%: no passive effects
@: no status effects
A: sickness immunity, AC +3, negative energy resistance 1, electricity
resistance, torment resistance 1, petrification resistance, [dopey 2]
a: no special abilities


You were on level 1 of the Abyss.
You visited 1 branch of the dungeon, and saw 2 of its levels.
You visited the Abyss 1 time.

You collected 87 gold pieces.


Innate Abilities, Weirdness & Mutations

You are immune to sickness and miasma.
Your stone body is resilient. (AC +3)
You are immune to poison.
You resist negative energy. (rN+)
You are resistant to electric shocks. (rElec)
You are resistant to unholy torment.
You are immune to petrification.
[You are very dopey. (Int -4)]


   Skills:
 - Level 3.2 Fighting
 - Level 3.8 Axes
 + Level 0.2 Throwing
 - Level 3.2 Armour
 - Level 3.2 Shields


You had 3 spell levels left.
You didn't know any spells.
Your spell library was empty.

Inventory:

Hand Weapons
 a - a +0 mace
 Y - a +0 war axe (weapon)
Missiles
 j - 3 silver javelins (quivered)
Armour
 b - a +0 scale mail (worn)
 c - a +0 buckler (worn)
 g - a +1 helmet (worn)
Scrolls
 e - a scroll of fog {unknown}
 i - a scroll of enchant armour {unknown}
Potions
 d - a potion of might
 f - a potion of haste {unknown}
 h - a potion of attraction {unknown}

Dungeon Overview and Level Annotations

Branches:
Dungeon (2/15)

Altars:
Qazlal


Message History

Enter note:
Enter note:
Enter note: You throw a silver javelin.
The silver javelin pierces through the goblin.
The goblin is severely wounded.
The goblin hits you but does no damage. Space warps around you.
You miss the goblin.
The goblin is severely wounded.
The goblin barely misses you.
You miss the goblin.
The goblin is severely wounded.
The goblin hits you but does no damage. Space warps horribly around you!
Ouch! That really hurt!
The goblin hits you but does no damage.
You are cast into the Abyss!
This branch contains the abyssal rune of Zot.
Waypoint 2 assigned to Abyss:1.
You start resting.
HP restored.
A wretched star comes into view.
1147 ||| Stepping ~*~*~tactically~*~*~ (stealth).
1148 ||| Stepping ~*~*~tactically~*~*~ (stealth).
1150 ||| Stepping ~*~*~tactically~*~*~ (hiding).
You start waiting.
A wretched star is nearby!
You closely miss the wretched star.
The wretched star pulses with an eldritch light!
You feel stupid. x2
You hit the wretched star but do no damage.
You hit the wretched star but do no damage.
The wretched star glows turbulently.
The lance of force hits you!!
Ouch! That really hurt!
You are knocked back by the lance of force.
You slam into the crystal wall!
The wretched star glows turbulently.
The lance of force hits you!!
Ouch! That really hurt!
You die...

# ... ## . #..##
.. .# #.#..
.##.# .#.. .. .#
#..# .... # ##
##..####.#... #
#### .#
#...#.#......# #
.....#
#.#.@..*## .#. #
# # #..#..##..#
#.# #
.##..##.#......
##. # .
#.##.......#.##.
. .#.
.#..#......##.#
#. ##.#...#..# .
. ##.#.#. ..#.
.... . # #.
.##... .##.
#....# . ..#


You could see a wretched star.

Vanquished Creatures
  Robin (D:2)
  A worm (D:2)
  A dart slug (D:1)
  3 ball pythons (D:1)
  4 bats
  An endoplasm (D:1)
  10 goblins
  7 hobgoblins
  2 frilled lizards
  12 kobolds
  A rat (D:1)
43 creatures vanquished.

Notes
Turn   | Place    | Note
-------+----------+-------------------------------------------
     0 | D:1      | qw the Gargoyle Fighter began the quest for the Orb.
     0 | D:1      | Reached XP level 1. HP: 14/14 MP: 1/1
     0 | D:1      | 0 ||| qw: Version: 0.3-a-9-g12657ce
     0 | D:1      | 0 ||| qw: Game counter: 1459
     0 | D:1      | 0 ||| qw: Always use a shield: true
     0 | D:1      | 0 ||| qw: God list: Okawaru
     0 | D:1      | 0 ||| qw: Allow faded altars: false
     0 | D:1      | 0 ||| qw: Do Orc after D:15 true
     0 | D:1      | 0 ||| qw: Do second Lair branch before Depths: true
     0 | D:1      | 0 ||| qw: Lair rune preference: random
     0 | D:1      | 0 ||| qw: Plans: Normal, Zot:1-4, Slime:5, God:TSO, Crypt,
                  | Tomb, Abyss, Pan, Hells, Win
     0 | D:1      | 0 ||| PLANNING D:1-11
   102 | D:1      | Reached XP level 2. HP: 19/19 MP: 2/2
   102 | D:1      | 102 ||| DROPPING +0 club.
   103 | D:1      | 103 ||| Stepping ~*~*~tactically~*~*~ (stealth).
   106 | D:1      | 106 ||| Stepping ~*~*~tactically~*~*~ (stealth).
   108 | D:1      | 108 ||| Stepping ~*~*~tactically~*~*~ (stealth).
   199 | D:1      | 199 ||| Stepping ~*~*~tactically~*~*~ (stealth).
   205 | D:1      | Reached skill level 3 in Axes
   212 | D:1      | Reached XP level 3. HP: 16/23 MP: 3/3
   290 | D:1      | 290 ||| Stepping ~*~*~tactically~*~*~ (hiding).
   292 | D:1      | 292 ||| Stepping ~*~*~tactically~*~*~ (hiding).
   402 | D:1      | 402 ||| DROPPING +0 whip.
   404 | D:1      | You fall into a shaft and drop 1 floor!
   410 | D:2      | Noticed Robin
   424 | D:2      | Killed Robin
   425 | D:2      | HP: 4/23 [kobold/+0 club (2)]
   521 | D:2      | 521 ||| UPGRADING to +1 helmet.
   526 | D:2      | 526 ||| READING 2 scrolls labelled MENOC PAUFEK.
   527 | D:2      | 527 ||| READING scroll labelled ANKUON JAICUZU.
   528 | D:2      | 528 ||| DRINKING 2 red potions.
   529 | D:2      | 529 ||| DROPPING scroll of noise.
   530 | D:2      | 530 ||| DROPPING potion of brilliance.
   625 | D:1      | Reached XP level 4. HP: 28/28 MP: 4/4
   685 | D:1      | 685 ||| DROPPING +1 whip of venom.
   951 | D:2      | Found a stormy altar of Qazlal.
  1048 | Abyss:1  | Cast into level 1 of the Abyss (goblin)
  1146 | Abyss:1  | Noticed a wretched star
  1147 | Abyss:1  | 1147 ||| Stepping ~*~*~tactically~*~*~ (stealth).
  1148 | Abyss:1  | 1148 ||| Stepping ~*~*~tactically~*~*~ (stealth).
  1150 | Abyss:1  | 1150 ||| Stepping ~*~*~tactically~*~*~ (hiding).
  1157 | Abyss:1  | HP: 5/28 [crystal wall collision (3)]
  1158 | Abyss:1  | Killed from afar by a wretched star

Levels and vault maps discovered:
D:1:      lightli_arrival_flooded_house, layout_rooms,
          kennysheep_decorative_pillar
D:2:      layout_loops_ring, shapermc_ecumenical_altar_mp_urbaneastern,
          basic_altar, uniq_crazy_yiuf_cottage, uniq_robin, uniq_terence
Abyss:1:  base:
Temple

Skill      XL: |  1  2 |
---------------+-------+-----
Axes           | 2 3 |  3.8
Fighting       | |  3.2
Throwing       | |  0.2
Armour         | |  3.2
Shields        | |  3.2

Action                     |  1- 3 |  4- 6 || total
---------------------------+-------+-------++-------
  Melee: War axe           |    70 |    22 ||    92
  Throw: Javelin           |       |     5 ||     5
    Use: Scroll            |     2 |       ||     2
         Potion            |     1 |       ||     1
 Armour: Scale mail        |    34 |    14 ||    48
  Dodge: Dodged            |    41 |    10 ||    51
  Block: Buckler           |    25 |     2 ||    27

Table legend:
 A = Non-vault XP
 B = Vault XP
 C = Vault XP percentage of total XP
 D = Non-vault monster count
 E = Vault monster count
 F = Vault count percentage of total count
                 A         B        C        D         E       F
            +---------+---------+-------+---------+---------+-------
      Total |      58 |      35 |  37.6 |      32 |      11 |  25.6
            +---------+---------+-------+---------+---------+-------
        D:1 |      45 |       0 |   0.0 |      26 |       0 |   0.0
        D:2 |      13 |      35 |  72.9 |       6 |      11 |  64.7
            +---------+---------+-------+---------+---------+-------
